Map: Orbital Shipyard

Players

ImotoFantasy

  • Race: Protoss Protoss
  • League: Gold

SquuooD - Winner!

  • Race: Protoss Protoss
  • League: Platinum

VOD

Have the link to the VOD?

Description

Time

  • Played on: Oct. 25, 2015, 1:56 p.m.
  • Length: 2:53
Show
View Real Time Build Order
Export as new Build Order

ImotoFantasy Protoss 

Build Orders:  

Get SALT Encoding   

  12  0:01  Probe (Chrono Boost)  
  13  0:13  Pylon  
  13  0:18  Probe (Chrono Boost)  
  14  0:28  Probe (Chrono Boost)  
  15  0:37  Gateway  
  15  0:39  Probe (Chrono Boost)  
  16  0:44  Assimilator  
  16  0:49  Probe (Chrono Boost)  
  17  0:55  Assimilator  
  17  1:00  Probe (Chrono Boost)  
  18  1:13  Probe (Chrono Boost)  
  19  1:23  Probe (Chrono Boost)  
  20  1:26  Zealot (Chrono Boost)  
  20  1:31  Cybernetics Core  
  22  1:34  Probe (Chrono Boost)  
  23  1:52  Probe  
  17  2:04  Probe  
  16  2:10  Stalker (Chrono Boost)  
  16  2:16  Probe  
  17  2:29  Probe  
Show
View Real Time Build Order
Export as new Build Order

SquuooD Protoss - Winner!

Build Orders:  

Get SALT Encoding   

  12  0:01  Probe (Chrono Boost)  
  13  0:12  Probe (Chrono Boost)  
  14  0:21  Pylon  
  14  0:25  Probe (Chrono Boost)  
  15  0:39  Probe (Chrono Boost)  
  15  0:40  Forge  
  17  0:50  Probe (Chrono Boost)  
  17  0:58  Pylon  
  17  1:01  Probe (Chrono Boost)  
  18  1:12  Probe (Chrono Boost)  
  18  1:18  Photon Cannon  
  19  1:21  Photon Cannon  
  19  1:33  Pylon  
  19  1:38  Probe (Chrono Boost)  
  19  1:44  Gateway, Assimilator  
  19  1:48  Probe (Chrono Boost)  
  20  2:12  Probe (Chrono Boost)  
  20  2:14  Photon Cannon  
  21  2:23  Probe (Chrono Boost)  
  22  2:30  Pylon  
  22  2:32  Cybernetics Core, Pylon  
  22  2:34  Probe (Chrono Boost), Pylon  
  23  2:52  Photon Cannon  
Tags
 
Add a new tag
Caveats
  • Supply blocks, unpowered buildings, or Contaminate may cause inaccurate times.
  • Supply counts are checked every 10 seconds.